 Dungeon Crawl Stone Soup version 0.21-a0-632-g1e37ce5 (webtiles) character file.

2312 Leszczynek the Slinger (level 9, -1/57 HPs)
             Began as a Halfling Air Elementalist on Dec 23, 2017.
             Was an Initiate of Elyvilon.
             Slain by a hornet (6 damage)
             ... on level 7 of the Dungeon on Dec 28, 2017.
             The game lasted 00:40:03 (5096 turns).

Leszczynek the Slinger (Halfling Air Elementalist)  Turns: 5096, Time: 00:40:03

Health: -1/57      AC: 11    Str: 12    XL:     9   Next: 68%
Magic:  11/11      EV: 16    Int: 13    God:    Elyvilon [......]
Gold:   78         SH:  0    Dex: 15    Spells: 8/11 levels left

rFire    . . .     SeeInvis .   a - +0 rapier (venom)
rCold    . . .     Gourm    .   (shield restricted)
rNeg     . . .     Faith    .   k - +3 leather armour
rPois    .         Spirit   .   (no helmet)
rElec    .         Reflect  .   (no cloak)
rCorr    .         Harm     +   (no gloves)
MR       .....                  (no boots)
Stlth    ++........             u - amulet of harm
HPRegen  0.19/turn              B - +5 ring of protection
MPRegen  0.12/turn              x - +2 ring of evasion

@: lethally poisoned (-1 -> -5), slowed, very slow
A: small, mutation resistance 1
a: Renounce Religion


You were on level 7 of the Dungeon.
You worshipped Elyvilon.
Elyvilon was noncommittal.
You were not hungry.

You visited 1 branch of the dungeon, and saw 7 of its levels.
You also visited: Sewer.

You collected 218 gold pieces.
You spent 140 gold pieces at shops.

Inventory:

Hand Weapons
 a - a +0 rapier of venom (weapon)
 b - a +0 hunting sling
 p - the +1 falchion of Regicide {slice, rElec}
   (You found it on level 4 of the Dungeon)

   It inflicts extra damage upon your enemies.
   It insulates you from electricity.
 q - a +0 dagger of venom
Missiles
 i - 180 stones (quivered)
 j - 23 sling bullets
Armour
 k - a +3 leather armour (worn)
 y - a +0 shield
 D - the +1 ring mail of the Three Orbs {rF+ rC- Dex+3}
   (You found it on level 6 of the Dungeon)

   It affects your dexterity (+3).
   It protects you from fire.
   It makes you vulnerable to cold.
Jewellery
 u - an amulet of harm (around neck)
 x - a +2 ring of evasion (right hand)
 B - a +5 ring of protection (left hand)
Wands
 n - a wand of paralysis (5)
 t - a wand of disintegration (1)
 z - a wand of flame (29)
Scrolls
 c - a scroll of enchant weapon {unknown}
 f - 2 scrolls of teleportation
 l - a scroll of identify {@r1}
 A - a scroll of fog {unknown}
 C - 3 scrolls of immolation {unknown}
Potions
 e - 4 potions of flight
 g - 4 potions of curing {@q1}
 h - a potion of lignification {unknown}
 m - 3 potions of heal wounds {unknown}
 o - a potion of magic {unknown}
 s - 2 potions of invisibility
 v - 2 potions of haste {unknown}
 w - 2 potions of berserk rage {unknown}
Comestibles
 d - 9 rations
 r - 2 chunks of flesh


   Skills:
 + Level 3.3 Fighting
 + Level 4.9(6.1) Short Blades
 - Level 4.5(5.3) Long Blades
 - Level 12.5 Slings
 - Level 2.3 Dodging
 - Level 2.3 Stealth
 - Level 1.6 Spellcasting
 - Level 1.0 Conjurations
 - Level 3.8 Air Magic


You had 8 spell levels left.
You knew the following spells:

 Your Spells              Type           Power        Failure   Level  Hunger
a - Shock                 Conj/Air       #...         12%         1    ##.....
P - Swiftness             Chrm/Air       #.......     22%         2    ###....


Dungeon Overview and Level Annotations

Branches:
Dungeon (7/15)
 Temple: D:4-7

Altars:
Makhleb
Uskayaw
Vehumet

Shops:
D:4 =

Annotations:
D:3 Jessica; Robin; SpeedyPerson7's ghost, amateur DDFi
D:4 eustachio with venom rapier, Sigmund
D:6 Grinder
D:7 exclusion: hornet


Innate Abilities, Weirdness & Mutations

You are small and have problems with some larger weapons.
You are somewhat resistant to further mutation.


Message History

* * * LOW HITPOINT WARNING * * *
You feel as though you will be slow longer.
The hornet stings you.
* * * LOW HITPOINT WARNING * * *
You feel as though you will be slow longer.
The bullfrog misses you.
Unknown command.
Unknown command.
Unknown command.
Okay, then.
Evoke which item? (* to show all) (? for menu, Esc to quit)
Okay, then.
Evoke which item? (* to show all) (? for menu, Esc to quit)
Aiming: Disintegrate
Press: ? - help, Shift-Dir - straight line, f/p - hornet
Aim: a hornet (severely wounded, chance to defeat MR: 56%)
The hornet resists with significant effort.
* * * LOW HITPOINT WARNING * * *
You feel sick. The bullfrog completely misses you. The hornet stings you.
You die...

#......# #...#.#
#.........'..'. #......#
#...# . ...##.....####.
#......# #...######
#.....# ## ########
#.....####.##.##+## #
##.......#.....#.# #
#....##.####..#.#####
#...............#...#
#.....#.###.....#.#.##
#...y@..#.........#...
#...F...#.##..........
........?...##..)###....
.###..##..####..........
. ..... ..# #..........
#.#.. ..# #..#.##..#.
...### #.# ####.##.)##
$! .# ..##.... #########


You could see a hornet and a bullfrog.

Vanquished Creatures
  Pikel (D:7)
  Eustachio (D:4)
  2 ice beasts
  An orc warrior (D:4)
  A sky beast (D:6)
  3 slaves (D:7)
  2 ogres
  A centaur (D:6)
  2 big kobolds
  A bullfrog (D:6)
  Blork the orc (D:6)
  A howler monkey (D:7)
  A crimson imp (D:7)
  A centaur zombie (D:4)
  3 orc priests
  2 centaur skeletons (D:5)
  4 hounds
  3 orc wizards (D:7)
  A bullfrog skeleton (D:5)
  3 iguanas
  2 worker ants
  A worker ant zombie (D:5)
  A howler monkey skeleton (D:7)
  6 adders
  3 gnolls (D:4)
  3 river rats (Sewer)
  3 adder skeletons
  2 worms
  A dart slug (D:1)
  6 leopard geckos
  15 orcs
  5 bats
  3 giant cockroaches
  8 goblins
  6 hobgoblins
  A jackal (Sewer)
  3 ball pythons (D:1)
  4 frilled lizards
  16 kobolds
  2 quokka skeletons
  13 rats
139 creatures vanquished.

Notes
Turn   | Place    | Note
-------+----------+-------------------------------------------
     0 | D:1      | Leszczynek the Halfling Air Elementalist began the quest for the Orb.
     0 | D:1      | Reached XP level 1. HP: 11/11 MP: 3/3
   144 | D:1      | Reached XP level 2. HP: 17/17 MP: 0/4
   186 | D:1      | Reached skill level 1 in Conjurations
   423 | D:1      | "11%"
   423 | D:1      | fails 3 out of 6 times
   423 | D:1      | GEE WHY DO YOU NOT LIKE SPELLCASTERS
   423 | D:1      | IT IS SO MUCH FUN WHEN YOU JUST CAN'T DO ANYTHING AND HAVE TO RUN THREE TIMES WITHIN ONE ENCOUNTER
   423 | D:1      | jesus give me a sling so i don't have to deal with this -3 spellcasting apt
   520 | D:1      | Reached XP level 3. HP: 17/21 MP: 0/5
   952 | D:1      | Reached skill level 1 in Short Blades
  1183 | D:2      | Found a burning altar of Makhleb.
  1183 | D:2      | Noticed a green death
  1303 | D:2      | Learned a level 2 spell: Swiftness
  1441 | D:2      | so i find two amulets
  1441 | D:2      | and one is inaccuracy, then the other is harm
  1441 | D:2      | and i bet the third one will be faith IF i have a god by that time
  1478 | D:3      | Reached skill level 1 in Slings
  1479 | D:3      | Reached XP level 4. HP: 27/27 MP: 2/6
  1481 | D:3      | Noticed Robin
  1482 | D:3      | Noticed Jessica
  1524 | D:2      | Reached skill level 2 in Slings
  1603 | D:3      | lel xd kek
  1603 | D:3      | hurr
  1636 | D:4      | Upgraded the game from 0.21-a0-618-g6cbd37f to 0.21-a0-630-g344d351
  1706 | D:4      | Reached skill level 3 in Slings
  1706 | D:4      | Reached XP level 5. HP: 15/31 MP: 7/7
  1799 | D:4      | Found Agi Qemn's Jewellery Emporium.
  1807 | D:4      | that's a pretty shitty shop
  1824 | D:4      | Noticed Eustachio
  1825 | D:4      | oooh, rapier of venom
  1825 | D:4      | just have to take it from eustachio's dead body
  1825 | D:4      | which is the biggest flaw of the plan
  1896 | D:4      | Noticed an orc warrior
  1944 | D:4      | Reached skill level 4 in Slings
  2117 | D:3      | Noticed a sky beast
  2158 | D:3      | HP: 3/31 [something (7)]
  2226 | D:3      | all as planed
  2226 | D:3      | planned
  2226 | D:3      | or maybe it really was "planed" after all
  2272 | D:3      | Noticed SpeedyPerson7's ghost (amateur DDFi)
  2309 | D:4      | Reached skill level 5 in Slings
  2546 | D:4      | Reached XP level 6. HP: 33/36 MP: 8/8
  2748 | D:5      | Entered Level 5 of the Dungeon
  2801 | D:5      | Reached skill level 6 in Slings
  2936 | D:4      | Bought a +2 ring of evasion for 140 gold pieces
  2938 | D:4      | Upgraded the game from 0.21-a0-630-g344d351 to 0.21-a0-632-g1e37ce5
  2974 | D:5      | Reached skill level 7 in Slings
  2999 | D:5      | chain mail orc priest
  2999 | D:5      | this should be forbidden by law
  3018 | D:5      | Found a hide-covered altar of Uskayaw.
  3152 | D:5      | Reached skill level 8 in Slings
  3152 | D:5      | Reached XP level 7. HP: 41/41 MP: 9/9
  3260 | D:5      | Reached skill level 9 in Slings
  3337 | D:5      | Found a radiant altar of Vehumet.
  3346 | D:5      | HELLO
  3346 | D:5      | +5 AC ring
  3394 | D:4      | Got a translucent falchion
  3395 | D:4      | oh
  3400 | D:4      | Identified the cursed +1 falchion of Regicide {slice, rElec} (You found it on level 4 of the Dungeon)
  3401 | D:4      | i'm having the best ideas ever
  3441 | D:4      | Noticed Sigmund
  3498 | D:4      | Reached skill level 2 in Long Blades
  3549 | D:4      | Killed Eustachio
  3549 | D:4      | Reached skill level 3 in Long Blades
  3549 | D:4      | Reached XP level 8. HP: 35/46 MP: 10/10
  3746 | D:5      | Reached skill level 4 in Long Blades
  3935 | D:6      | Noticed Grinder
  3970 | D:6      | Reached skill level 10 in Slings
  4017 | D:6      | Reached skill level 11 in Slings
  4115 | D:6      | Noticed Blork the orc
  4131 | D:6      | Killed Blork the orc
  4138 | D:6      | Reached XP level 9. HP: 42/51 MP: 11/11
  4142 | D:6      | Got a translucent ring mail
  4143 | D:6      | Identified the +1 ring mail of the Three Orbs {rF+ rC- Dex+3} (You found it on level 6 of the Dungeon)
  4172 | D:6      | Reached skill level 12 in Slings
  4247 | D:6      | Found a glowing drain.
  4267 | Sewer    | Entered a sewer
  4497 | Sewer    | Found a white marble altar of Elyvilon.
  4506 | Sewer    | Became a worshipper of Elyvilon the Healer
  4608 | D:7      | Noticed a hornet
  4657 | D:7      | Reached skill level 2 in Short Blades
  4679 | D:7      | Reached skill level 1 in Fighting
  4822 | D:7      | Reached skill level 3 in Short Blades
  4948 | D:7      | Reached skill level 2 in Fighting
  4985 | D:7      | Noticed Pikel
  5058 | D:7      | Killed Pikel
  5058 | D:7      | Reached skill level 3 in Fighting
  5058 | D:7      | Reached skill level 4 in Short Blades
  5093 | D:7      | Paralysed by a hornet for 2 turns
  5095 | D:7      | HP: 6/57 [hornet (7)]
  5096 | D:7      | Slain by a hornet

Vault maps used:
D:1:      scummos_arrival_simple_fountains, minmay_pentomino_s4
D:2:      makhleb_altar_promises_db
D:3:      first_ration, kennysheep_generic_room_11, uniq_jessica, uniq_robin
D:4:      serial_shops, shop, guppyfry_early_orc_mine, uniq_eustachio,
          uniq_sigmund, uniq_duvessa
D:5:      vehumet_altar_wand_db, basic_altar
D:6:      cheibrodos_sewer_entry_bend, uniq_edmund, uniq_grinder,
          uniq_blork_the_orc
D:7:      minmay_temple_entry_enclosed_plants, grunt_livestock, uniq_pikel
Sewer:    sewer_kobolds

Skill      XL: |  1  2  3  4  5  6  7  8  9 |
---------------+----------------------------+-----
Conjurations   | 1 |  1.0
Short Blades   | 1 4 |  4.9
Slings         | 1 3 5 8 9 11 12 | 12.5
Long Blades    | 3 4 |  4.5
Fighting       | 3 |  3.3
Dodging        | |  2.3
Stealth        | |  2.3
Spellcasting   | |  1.6
Air Magic      | |  3.8

Action                   |  1- 3 |  4- 6 |  7- 9 || total
-------------------------+-------+-------+-------++-------
Melee: Club              |     5 |       |       ||     5
       Dagger            |    39 |    16 |     2 ||    57
       Short sword       |       |    12 |    24 ||    36
       Falchion          |       |       |    59 ||    59
       Rapier            |       |       |   175 ||   175
 Fire: Hunting sling     |     1 |   132 |    60 ||   193
 Cast: Shock             |    64 |     6 |       ||    70
Evoke: Wand              |       |     1 |    16 ||    17
  Use: Scroll            |     1 |     2 |     8 ||    11
       Potion            |       |     1 |       ||     1
 Stab: Sleeping          |     4 |    11 |     2 ||    17
       Paralysed         |       |       |    23 ||    23
  Eat: Chunk             |     3 |     1 |     6 ||    10
       Ration            |       |     2 |       ||     2
Armor: Robe              |    15 |     5 |       ||    20
       Leather armour    |       |     7 |    75 ||    82
Dodge: Dodged            |    69 |    60 |   206 ||   335
       Rpst.: Falchion   |       |       |     6 ||     6

Table legend:
 A = Spawn XP
 B = Non-spawn XP
 C = Spawn XP percentage of total XP
 D = Spawn monster count
 E = Non-spawn monster count
 F = Spawn count percentage of total count
 G = Total turns spent on level
                    A         B        C        D         E        F      G
               +---------+---------+-------+---------+---------+-------+---------
         Total |       0 |    3303 |   0.0 |       0 |     136 |   0.0 |  5096
               +---------+---------+-------+---------+---------+-------+---------
           D:1 |       0 |      51 |   0.0 |       0 |      32 |   0.0 |  1023
           D:2 |       0 |      25 |   0.0 |       0 |       9 |   0.0 |   555
           D:3 |       0 |      14 |   0.0 |       0 |       6 |   0.0 |   274
           D:4 |       0 |     573 |   0.0 |       0 |      16 |   0.0 |  1150
           D:5 |       0 |     630 |   0.0 |       0 |      26 |   0.0 |   816
           D:6 |       0 |     831 |   0.0 |       0 |      17 |   0.0 |   480
           D:7 |       0 |    1031 |   0.0 |       0 |      19 |   0.0 |   525
         Sewer |       0 |     148 |   0.0 |       0 |      11 |   0.0 |   273
               +---------+---------+-------+---------+---------+-------+---------
